 Dungeon Crawl Stone Soup version 0.19-a0-1025-g778f431 (webtiles) character file.

40 Leszczynek the Skirmisher (level 3, 0/39 HPs)
             Began as an Ogre Abyssal Knight on July 28, 2016.
             Was a Follower of Lugonu.
             Slain by a jackal (2 damage)
             ... on level 2 of the Dungeon.
             The game lasted 00:03:20 (455 turns).

Leszczynek the Skirmisher (Ogre Abyssal Knight)      Turns: 455, Time: 00:03:20

Health: 0/39       AC:  3    Str: 17    XL:     3   Next: 50%
Magic:  4/4        EV: 10    Int: 11    God:    Lugonu [*.....]
Gold:   90         SH:  0    Dex: 10    Spells: 0 memorised, 2 levels left

rFire  . . .     SeeInvis .     a - +1 mace
rCold  . . .     Gourm    .     b - +0 robe
rNeg   . . .     Faith    .     (no shield)
rPois  .         Spirit   .     (helmet restricted)
rElec  .         Dismiss  .     (no cloak)
rCorr  .         Reflect  .     (gloves unavailable)
SustAt .         Harm     .     (boots unavailable)
MR     .....                    (no amulet)
Stlth  +.........               (no ring)
                                (no ring)

@: not resistant to hostile enchantments, very unstealthy
A: unfitting armour, tough skin 1
a: Depart the Abyss, Renounce Religion


You were on level 2 of the Dungeon.
You worshipped Lugonu.
Lugonu was aware of your devotion.
You were not hungry.

You visited 1 branch of the dungeon, and saw 2 of its levels.
You visited the Abyss 1 time.

You collected 90 gold pieces.

Inventory:

Hand Weapons
 a - a +1 mace (weapon)
Missiles
 e - 55 stones (quivered)
 g - a throwing net
Armour
 b - a +0 robe (worn)
Scrolls
 j - a scroll of remove curse
Miscellaneous
 d - a phantom mirror
Comestibles
 c - a bread ration
 f - a chunk of flesh


   Skills:
 - Level 4.0 Fighting
 + Level 3.7 Maces & Flails
 - Level 2.2 Dodging
 - Level 1.5 Stealth
 - Level 2.2 Invocations


You had 2 spell levels left.
You didn't know any spells.

Dungeon Overview and Level Annotations

Branches:
Dungeon (2/15)

Altars:
Cheibriados


Innate Abilities, Weirdness & Mutations

You are too large for most types of armour.
You have tough skin. (AC +1)


Message History

As you read the scroll labeled DIEFAB WEXZOG, it crumbles to dust.
You feel aware of your surroundings.
You sensed 1 altar.
It was a scroll of magic mapping.
The jackal barely misses you. x2
A rat comes into view.
The jackal bites you but does no damage.
You see here a smoky grey potion.
h - a smoky grey potion The jackal bites you but does no damage.
It was a potion of magic.
Magic courses through your body.
The jackal barely misses you. x2; The jackal bites you.
* * * LOW HITPOINT WARNING * * *
A hobgoblin comes into view. It is wielding a club.
An ooze comes into view.
The ooze quivers.
The jackal bites you.
* * * LOW HITPOINT WARNING * * *
Unknown command.
Found a stone staircase leading down.
The jackal bites you.
You die...

#...........# *,.....*
#...........##########......*
#..........%[..Sg†.†r'..<...*
###...##+##...########......*
#...#*,#...S#......#,..###*
#...#*,#...h.....#+#...#
#....,,#...###h......>,#
#....,,#....,+hh...r.#**
*,,,,,,#....*#@......#
**,,,,,#....*#######.#
*,,,,,#J....,,,,,,,,#
*,,,,,#...***********
*,,,,,*,,,* *,,,,,*,,,*
*,,,,,**+** *****,**,* *,,,,*


You could see 3 jackals and a rat (wandering).

Vanquished Creatures
  An adder (D:2)
  A worm (D:2)
  A dart slug (D:1)
  A goblin (D:1)
  2 hobgoblins (D:1)
  3 jackals
  4 bats
  A giant newt (D:1)
  2 kobolds (D:2)
  16 rats
32 creatures vanquished.

Notes
Turn   | Place    | Note
-------+----------+-------------------------------------------
     0 | Abyss:1  | Leszczynek the Ogre Abyssal Knight began the quest for the Orb.
     0 | Abyss:1  | Reached XP level 1. HP: 24/24 MP: 2/2
     1 | Abyss:1  | Noticed a chaos spawn
     1 | Abyss:1  | Noticed a giant eyeball
     1 | Abyss:1  | Noticed a chaos spawn
     2 | Abyss:1  | Noticed a shadow demon
     2 | Abyss:1  | Noticed a giant eyeball
     3 | Abyss:1  | Noticed a shadow demon
     3 | D:1      | Escaped the Abyss
    51 | D:1      | Reached skill level 3 in Maces & Flails
    58 | D:1      | Reached XP level 2. HP: 30/32 MP: 3/3
    63 | D:1      | Reached * piety under Lugonu
   148 | D:1      | Reached skill level 1 in Stealth
   332 | D:1      | You fall through a shaft!
   346 | D:2      | Found a snail-covered altar of Cheibriados.
   353 | D:2      | Reached XP level 3. HP: 36/39 MP: 4/4
   449 | D:2      | HP: 3/39 [jackal (2)]
   455 | D:2      | Slain by a jackal

Vault maps used:
D:1:      erik_arrival_orb_chamber
D:2:      lemuel_doored_altar, nicolae_overflow_crystal_walls, minivault_23

Skill      XL: |  1  2 |
---------------+-------+-----
Maces & Flails | 3 |  3.7
Stealth        | 1 |  1.5
Fighting       | |  4.0
Dodging        | |  2.2
Invocations    | |  2.2

Action                   || total
-------------------------++-------
Melee: Mace              ||    87
Throw: Stone             ||     2
Invok: Depart the Abyss  ||     1
  Use: Scroll            ||     4
       Potion            ||     2
Armor: Robe              ||    47
Dodge: Dodged            ||    74
